AoeStats
← maNIC

Arena

509736085Analyzed
1v1 RM · 6d ago on Sep 27, 2026· 50m 3s· 2 players
Game mode
Random Map
Map size
Tiny (2 player)
Population
200
Speed
Normal
Resources
Standard
Victory
Conquest
Starting age
Dark Age
Ending age
Imperial Age
RankedLock teamsTeams togetherTeam positionsShared explorationLock speedFull tech treeHidden civsTurbo modeCheats
Victory
Defeat
🇫🇷 Maya · France
539
+15
🇹🇷 Goths · Türkiye
509
-15
maNIC
6:49 Loom
11:41 Feudal Age
12:36 Town Watch
13:27 Wheelbarrow
13:02 Double-Bit Axe
15:21 Gold Mining
15:14 Horse Collar
15:09 Man-at-Arms
22:48 Castle Age
22:49 Pikeman
22:55 Long Swordsman
23:12 Elite Skirmisher
26:35 Husbandry
27:02 Stone Mining
28:16 Squires
28:30 Fletching
30:04 Hand Cart
30:54 Bloodlines
32:54 Forging
32:39 Bodkin Arrow
32:45 Padded Archer Armor
32:45 Scale Mail Armor
33:03 Heavy Plow
33:42 Stone Shaft Mining
34:58 Town Patrol
38:52 Imperial Age
38:49 Anarchy
41:06 Cavalier
41:54 Two-Handed Swordsman
42:53 Scale Mail Armor
47:09 Chemistry
47:33 Champion
Alfastreak
0:33 Loom
11:30 Feudal Age
17:47 Castle Age
16:33 Double-Bit Axe
16:34 Horse Collar
25:09 Bow Saw
26:27 Stone Mining
26:30 Gold Mining
28:17 Heavy Plow
28:59 Stone Shaft Mining
28:09 Eagle Warrior
28:52 Squires
28:38 Arson
28:14 Pikeman
28:59 Scale Mail Armor
29:10 Forging
35:27 Imperial Age
33:34 Wheelbarrow
32:45 Town Watch
33:22 Chain Mail Armor
33:43 Iron Casting
36:48 Elite Plumed Archer
38:04 Hand Cart
39:35 Guilds
41:01 Town Patrol
41:27 Ballistics
42:07 Chemistry
40:59 Heated Shot
41:21 Masonry
40:51 Treadmill Crane
41:56 Hoardings
41:33 Padded Archer Armor
41:23 Fletching
43:15 Holcans
42:20 Elite Eagle Warrior
42:22 Halberdier
43:55 Bodkin Arrow
44:16 Leather Archer Armor
Connection lost

Rejoining the realm…

Still unreachable

The connection could not be restored.

Session expired

The server has moved on; the page needs a fresh start.